 Dungeon Crawl Stone Soup version 0.31.0-11-ge490571c62 (webtiles) character file.

Game seed: 17385234732017768477

28 Bobbunny the Sneak (level 3, 0/30 HPs)
             Began as a Formicid Delver on Feb 3, 2024.
             Succumbed to an adder's poison
             ... on level 4 of the Dungeon.
             The game lasted 00:00:51 (131 turns).

Bobbunny the Sneak (Formicid Delver)                 Turns: 131, Time: 00:00:51

Health: 0/30       AC:  3    Str: 18    XL:     3   Next: 27%
Magic:  3/3        EV: 12    Int:  9    God:
Gold:   0          SH:  0    Dex: 15    Spells: 2/2 levels left

rFire   . . .        a - +0 hand axe
rCold   . . .        (no shield)
rNeg    . . .        b - +0 leather armour
rPois   .            (helmet unavailable)
rElec   .            (no cloak)
rCorr   .            (no gloves)
SInv    +            (no boots)
Will    .....        (no amulet)
Stlth   +++          (no ring)
HPRegen 0.25/turn    (no ring)
MPRegen 0.08/turn

%: no passive effects
@: lethally poisoned (0 -> -1)
A: permanent stasis, dig shafts and tunnels, antennae 3, four strong arms
a: Dig, Shaft Self


You were on level 4 of the Dungeon.
You visited 1 branch of the dungeon, and saw 2 of its levels.

Inventory:

Hand Weapons
 a - a +0 hand axe (weapon)
Armour
 b - a +0 leather armour (worn)
 g - a +0 chain mail
Wands
 f - a wand of digging (3)
 h - a wand of paralysis (4)
Scrolls
 c - a scroll of fog
 e - a scroll of fear


   Skills:
 + Level 4.0 Fighting
 + Level 2.8 Axes
 - Level 1.7 Dodging
 - Level 6.0 Stealth


You had 2 spell levels left.
You didn't know any spells.
Your spell library was empty.

Dungeon Overview and Level Annotations

Branches:
Dungeon (5/15)
 Temple: D:4-7

Altars:


Innate Abilities, Weirdness & Mutations

You cannot be hasted, slowed, berserked, paralysed or teleported.
You can dig through walls and to a lower floor.
You have a pair of large antennae on your head. (SInv)
Your four strong arms can wield two-handed weapons with a shield.


Message History

You feel sick. The adder bites you.
You are more poisoned.
The adder poisons you! The adder barely misses you.
You closely miss the adder.
The adder is moderately wounded.
You feel sick. The adder bites you.
You are more poisoned.
The adder poisons you!
You barely miss the adder.
The adder is moderately wounded.
You feel very sick. The adder bites you but does no damage.
The adder bites you.
* * * LOW HITPOINT WARNING * * *
Aiming: Paralyse
Press: ? - help, Shift-Dir - straight line, f/p - adder
Aim: an adder (moderately wounded, chance to affect: 57%)
The adder suddenly stops moving!
* * * LOW HITPOINT WARNING * * *
You feel sick.
The helpless adder fails to defend itself.
You hit the adder.
The adder is heavily wounded.
* * * LOW HITPOINT WARNING * * *
You feel sick.
The helpless adder fails to defend itself.
You slash the adder!
You kill the adder!
* * * LOW HITPOINT WARNING * * *
You feel sick.
Your Fighting skill increases to level 4!
You have reached level 3!
Your experience leads to an increase in your attributes!
Increase (S)trength, (I)ntelligence, or (D)exterity?
You feel stronger. x2
* * * LOW HITPOINT WARNING * * *
You feel sick.
Found 17 gold pieces.
* * * LOW HITPOINT WARNING * * *
You feel sick.
You die...

....#######
..).....†.#######
....#####.......##
. ##........##
#..........#
#.)....(...#
#..>.......#
#....†.....#
#.......@..#
##.......?#.....
......[......##..
.#..............
.............####
##..........#
#...........
##$.......###


There were no monsters in sight!

Vanquished Creatures
  3 adders
  A kobold (D:4)
4 creatures vanquished.

Notes
Turn   | Place    | Note
-------+----------+-------------------------------------------
     0 | D:5      | Bobbunny the Formicid Delver began the quest for the Orb.
     0 | D:5      | Reached XP level 1. HP: 18/18 MP: 1/1
    44 | D:5      | Reached XP level 2. HP: 24/24 MP: 2/2
    81 | D:5      | Noticed a bombardier beetle
    93 | D:5      | Noticed a bombardier beetle
   129 | D:4      | Reached XP level 3. HP: 3/30 MP: 3/3
   130 | D:4      | HP: 1/30 [poisoned by an adder]
   131 | D:4      | Succumbed to an adder's poison

Illustrated notes

Levels and vault maps discovered:
D:4:      minmay_general_purpose_star, layout_rooms, kennysheep_generic_room_10
D:5:      layout_basic, nicolae_qazlal_scattered_showers

Skill      XL: |  1  2 |
---------------+-------+-----
Fighting       | 4 |  4.0
Axes           | |  2.8
Dodging        | |  1.7
Stealth        | |  6.0

Action                     || total
---------------------------++-------
  Melee: Hand axe          ||    11
  Evoke: Wand              ||     4
    Use: Scroll            ||     1
   Stab: Sleeping          ||     1
         Paralysed         ||     5
 Armour: Leather armour    ||     7
  Dodge: Dodged            ||     2
